 Dungeon Crawl Stone Soup version 0.26-a0-810-ge1a9524b62 (webtiles) character file.

Game seed: 15277021451157528451

274809 ringo67 the Warrior (level 20, -7/231 HPs)
             Began as an Ogre Fire Elementalist on Nov 12, 2020.
             Was the Champion of Vehumet.
             Killed from afar by Jory (77 damage)
             ... with a crystal spear
             ... on level 2 of the Vaults on Nov 13, 2020.
             The game lasted 03:45:16 (74973 turns).

ringo67 the Warrior (Ogre Fire Elementalist)       Turns: 74973, Time: 03:45:17

Health: -7/231     AC: 10    Str: 17    XL:     20   Next: 32%
Magic:  1/39       EV: 19    Int: 28    God:    Vehumet [******]
Gold:   975        SH: 15    Dex:  9    Spells: 8/50 levels left

rFire    . . .     SeeInvis +   J - +4 morningstar (freeze)
rCold    + + +     Faith    .   l - +0 kite shield
rNeg     . . .     Spirit   .   W - +4 skin of Zhor {Englaciate rC+++ SInv}
rPois    .         Reflect  +   x - +0 hat
rElec    .         Harm     .   v - +2 cloak {Stlth+}
rCorr    .         Rampage  .   (gloves unavailable)
MR       ++...                  (boots unavailable)
Stlth    +.........             R - amulet of reflection
HPRegen  0.48/turn              V - +4 ring of evasion
MPRegen  0.26/turn              F - +6 ring of intelligence

@: about to teleport, mesmerised
A: large, unfitting armour, tough skin 1
}: 2/15 runes: decaying, barnacled
a: Renounce Religion


You were on level 2 of the Vaults.
You worshipped Vehumet.
Vehumet was exalted by your worship.
You visited 7 branches of the dungeon, and saw 34 of its levels.
You also visited: Ice Cave and Volcano.

You collected 4187 gold pieces.
You spent 3212 gold pieces at shops.

Inventory:

Hand Weapons
 H - a +0 giant spiked club
 J - a +4 morningstar of freezing (weapon)
Missiles
 s - 103 poisoned darts (quivered)
 L - 24 curare-tipped darts
 Y - 8 throwing nets
Armour
 l - a +0 kite shield (worn)
 v - a +2 cloak of stealth (worn)
 x - a +0 hat (worn)
 I - a scarf of resistance
 W - the +4 skin of Zhor (worn) {Englaciate rC+++ SInv}
   (You bought it in a shop on level 2 of the Orcish Mines)

   It renders you almost immune to cold.
   It lets you see invisible.
Jewellery
 F - a +6 ring of intelligence (right hand)
 R - an amulet of reflection (around neck)
 V - a +4 ring of evasion (left hand)
 Z - the ring "Oreh" {Fire Dex+3 Stlth+}
   (You found it on level 13 of the Dungeon)

   [ring of fire]

   It enhances your fire magic.
   It affects your dexterity (+3).
   It protects you from fire.
   It makes you vulnerable to cold.
   It makes you more stealthy.
Wands
 a - a wand of disintegration (18)
 h - a wand of flame (82)
 o - a wand of paralysis (10)
 p - a wand of acid (9)
 z - a wand of digging (7)
 K - a wand of polymorph (33)
 S - a wand of iceblast (21)
Scrolls
 c - 17 scrolls of teleportation
 g - 12 scrolls of remove curse
 i - 7 scrolls of enchant armour
 k - 5 scrolls of enchant weapon
 n - 10 scrolls of amnesia
 r - 20 scrolls of identify
 u - 3 scrolls of blinking
 w - 5 scrolls of fog
 E - a scroll of fear
 G - a scroll of immolation
 O - 4 scrolls of magic mapping
 P - a scroll of vulnerability
Potions
 b - 2 potions of heal wounds
 d - 3 potions of ambrosia
 e - 15 potions of curing
 f - 4 potions of lignification
 j - 5 potions of might
 m - 4 potions of berserk rage
 q - 5 potions of brilliance
 t - 5 potions of mutation
 B - 7 potions of flight
 C - 2 potions of invisibility
 D - 2 potions of resistance
 Q - 4 potions of haste
 T - 4 potions of cancellation
 U - a potion of magic
Miscellaneous
 M - a condenser vane (inert)


   Skills:
 + Level 20.8 Fighting
 + Level 12.7 Dodging
 - Level 1.4 Stealth
 - Level 9.0 Shields
 + Level 15.7 Spellcasting
 - Level 10.5 Conjurations
 - Level 2.0 Translocations
 - Level 6.0 Transmutations
 + Level 13.1 Fire Magic
 - Level 5.0 Ice Magic
 - Level 6.0 Air Magic
 + Level 12.2 Earth Magic


You had 8 spell levels left.
You knew the following spells:

 Your Spells              Type           Power        Failure   Level
a - Foxfire               Conj/Fire      ####         0%          1
b - Sticky Flame          Conj/Fire      ######..     1%          4
c - Fireball              Conj/Fire      ######....   1%          5
d - Blink                 Tloc           N/A          1%          2
e - Frozen Ramparts       Ice            ######       1%          3
f - Mephitic Cloud        Conj/Pois/Air  ######..     1%          3
h - Airstrike             Air            ######....   1%          4
i - Statue Form           Tmut/Erth      ######...    8%          6
j - Ignition              Fire           #######...   17%         8
k - Iron Shot             Conj/Erth      ######....   1%          6

Your spell library contained the following spells:

 Spells                   Type           Power        Failure   Level
 Lehudib's Crystal Spear  Conj/Erth      ######....   32%         8
 Chain Lightning          Conj/Air       ######....   73%         8
 Absolute Zero            Ice            ######....   100%        9
 Sandblast                Erth           ######       0%          1
 Magic Dart               Conj           ####         1%          1
 Ensorcelled Hibernation  Hex/Ice        #####.       1%          2
 Passwall                 Tmut/Erth      ######..     1%          2
 Conjure Flame            Conj/Fire      ######..     1%          3
 Dazzling Flash           Conj/Hex       ######       1%          3
 Ignite Poison            Fire/Tmut/Pois ######..     1%          3
 Inner Flame              Hex/Fire       ######..     1%          3
 Stone Arrow              Conj/Erth      ######       1%          3
 Leda's Liquefaction      Hex/Erth       ######....   1%          4
 Petrify                  Tmut/Erth      ######..     1%          4
 Bolt of Magma            Conj/Fire/Erth ######....   1%          5
 Irradiate                Conj/Tmut      ######....   1%          5
 Lee's Rapid Deconstruct  Erth           ######....   1%          5
 Corona                   Hex            ###....      2%          1
 Summon Small Mammal      Summ           ###.         2%          1
 Ice Form                 Ice/Tmut       ######..     2%          4
 Call Imp                 Summ           ###.....     3%          2
 Slow                     Hex            ###.....     3%          2
 Gell's Gravitas          Tloc           ####......   3%          3
 Portal Projectile        Hex/Tloc       ####..       4%          3
 Yara's Violent Unravell  Hex/Tmut       #####.....   5%          5
 Freezing Cloud           Conj/Ice/Air   ######....   5%          6
 Summon Lightning Spire   Summ/Air       #####...     6%          4
 Call Canine Familiar     Summ           ###.....     7%          3
 Confusing Touch          Hex            ###.....     7%          3
 Summon Guardian Golem    Hex/Summ       ###.....     7%          3
 Tukima's Dance           Hex            ###.....     7%          3
 Summon Ice Beast         Ice/Summ       #####...     8%          4
 Ozocubu's Refrigeration  Ice            ######....   12%         6
 Cause Fear               Hex            ###.......   22%         4
 Metabolic Englaciation   Hex/Ice        #####.....   22%         5
 Hydra Form               Tmut           ######....   28%         6
 Simulacrum               Ice/Necr       #####.....   77%         6
 Dragon Form              Tmut           ######....   85%         7
 Shatter                  Erth           ######....   96%         9


Dungeon Overview and Level Annotations

Branches:
Dungeon (15/15)            Temple (1/1) D:7            Lair (6/6) D:11
  Swamp (4/4) Lair:4       Shoals (4/4) Lair:3        Slime (0/5) Lair:5
    Orc (2/2) D:9             Elf (0/3) Orc:2        Vaults (2/5) D:14
 Depths (0/5) D:15          IceCv (visited)         Volcano (visited)
  Crypt: Vaults:2-3

Altars:
Cheibriados
Dithmenos
Fedhas
Gozag
Makhleb
Nemelex Xobeh
Okawaru
Qazlal
Ru
Sif Muna
Trog
Uskayaw
Vehumet
Wu Jian
Yredelemnul
Zin
The Shining One
Beogh
Jiyva

Shops:
D:13 ?   Orc:2 :?:([*   Shoals:1 (   Shoals:2 !   Shoals:4 =:=   Vaults:2 *

Portals:
Hell: Lair:6
Trove: D:14 (give +7 demon blade)

Annotations:
D:7 1 runed translucent door
D:8 3 runed translucent doors, dickylongcocking's ghost, novice OpDe
Swamp:4 3 runed translucent doors, Mara; Pooter's ghost, adept MiBe; frankcastle's ghost, adept GnWn
Vaults:2 Jory


Innate Abilities, Weirdness & Mutations

You are too large for most types of armour.
You have tough skin. (AC +1)


Message History

Aiming: Iron Shot (mildly dangerous; 1% risk of failure)
Press: ? - help, Shift-Dir - straight line, f/p - Jory
Aim: Jory, wielding a +3 battleaxe of flaming and wearing a +0 chain mail (almost destroyed)
The iron shot hits Jory!!
Jory is almost destroyed.
Jory points at you and mumbles some strange words.
The crystal spear hits you!!!
* * * LOW HITPOINT WARNING * * *
As you read the scroll of teleportation, it crumbles to dust.
You feel strangely unstable.
Jory casts a spell.
Jory attempts to bespell you!
You are mesmerised by Jory!
You feel much better.
Jory casts a spell.
Jory draws you further into his thrall.
You radiate an aura of cold.
Jory is unaffected.
Jory points at you and mumbles some strange words.
The crystal spear hits you!!!!
You die...

....##############
....##...........#
....##...........########
....##..#######..(.......
....##..# #..#.......
....##(.# #..#.......
....##..# #..#Ve.....
....##..# #..#.......
....##.(# #.@#.......
######[(#######..#####+##
....('(......V...#
..∩.)#...........#
.....######(###### .....#
#.(### . .....# ##..(.###
... .....#
#.......###..... .....#
##.........'.....


You could see Jory (mesmerising).

Vanquished Creatures
  the Lernaean hydra (Swamp:3)
  Jorgrun (Shoals:1)
  Gastronok (D:8)
  A kraken (Shoals:3)
  Agnes (D:15)
  A fire giant (D:15)
  A fenstrider witch (Swamp:4)
  2 orc warlords (Orc:1)
  5 vault wardens
  A ghoul (Vaults:1)
  4 ironheart preservers
  2 stone giants
  A red draconian (Volcano)
  An entropy weaver (Vaults:2)
  2 dire elephants (Lair:6)
  The ghost of Jeirobb the Basher, a journeyman FoAK of Lugonu (D:14)
  The ghost of Ceyroiss the Quickloader, a journeyman HuWn of Dithmenos (Lair:4)
  A deep elf annihilator (Vaults:2)
  A minotaur (D:14)
  4 bunyips
  2 crystal guardians (Vaults:2)
  Josephine (Lair:4)
  4 eleionomae
  4 merfolk javelineers
  4 yaktaur captains
  A great orb of eyes (Vaults:2)
  2 merfolk impalers
  2 shambling mangroves
  27 hydras
  Erolcha (D:10)
  4 vault guards (D:14)
  A ghost crab (Swamp:2)
  2 merfolk avatars
  A hell beast (Lair:6)
  3 boulder beetles
  3 death knights
  5 merfolk aquamancers
  6 centaur warriors
  21 two-headed ogres
  4 ogre magi
  4 satyrs
  5 alligators
  A deep troll shaman (Vaults:1)
  A tengu warrior (D:13)
  13 death yaks
  Urug (Lair:4)
  A deep troll earth mage (Vaults:1)
  An orc high priest (Orc:2)
  2 deep elf knights
  3 goliath frogs
  Sonja (D:10)
  10 sea snakes
  13 slime creatures
  8 skeletal warriors
  4 deep trolls (Vaults:1)
  2 unseen horrors
  A glowing orange brain (Vaults:2)
  5 spriggan druids
  A flayed ghost (Vaults:2)
  10 swamp dragons
  5 bog bodies
  4 wizards
  A lindwurm (Lair:3)
  2 necromancers
  2 phantasmal warriors (Vaults:1)
  15 harpies
  A harpy (shapeshifter) (Vaults:1)
  6 ironbrand convokers
  An oklob plant (Lair:3)
  A deep elf archer (Vaults:2)
  9 orc knights
  2 wolf spiders (Vaults:1)
  13 ugly things
  5 orc sorcerers (Orc:2)
  15 cyclopes
  9 manticores
  6 deep elf magi
  2 will-o-the-wisps
  9 elephants
  30 fauns
  6 merfolk sirens
  2 ice statues (IceCv)
  Psyche (D:7)
  8 water nymphs
  15 cane toads
  A torpor snail (Lair:2)
  A smoke demon (Lair:6)
  2 vault sentinels (Vaults:1)
  4 orange demons (Lair:6)
  10 black mambas
  2 molten gargoyles (Volcano)
  A rime drake (shapeshifter) (Vaults:1)
  7 komodo dragons
  5 freezing wraiths
  A swamp worm zombie (Swamp:4)
  3 rime drakes
  11 ice devils
  A komodo dragon (shapeshifter) (Vaults:1)
  An efreet (D:13)
  34 yaktaurs
  32 merfolk
  2 red devils (Lair:6)
  A polar bear (Lair:1)
  A troll (shapeshifter) (Vaults:1)
  8 wind drakes
  7 trolls
  12 hornets
  9 blink frogs
  3 tyrant leeches
  12 dream sheep
  8 snapping turtles
  8 spriggans
  3 shadows
  9 wraiths
  16 water elementals
  A wyvern (D:8)
  A golden eye (shapeshifter) (Vaults:1)
  A vampire (D:11)
  A human (shapeshifter) (Vaults:2)
  5 humans (Lair:5)
  68 yaks
  5 basilisks
  2 vampire mosquitoes (Swamp:1)
  5 fire bats
  2 steam dragons
  Edmund (D:4)
  Menkaure (D:7)
  9 wargs
  2 soldier ants (D:13)
  14 swamp worms
  3 acid dragons
  4 hell hounds (Lair:6)
  Duvessa (D:4)
  7 swamp drakes (Swamp:4)
  21 water moccasins
  35 orc warriors
  A sky beast (shapeshifter) (D:14)
  A black bear (D:12)
  12 ice beasts
  6 sky beasts
  2 eyes of draining
  A phantom (D:9)
  A hornet zombie (Swamp:4)
  4 necrophages (D:8)
  10 ogres
  A swamp dragon zombie (Swamp:4)
  14 wolves
  6 boggarts (Vaults:1)
  11 centaurs
  2 big kobolds (D:11)
  A komodo dragon zombie (Swamp:4)
  25 bullfrogs
  2 wyvern zombies
  A wyvern skeleton (D:14)
  Dowan (D:4)
  2 gnoll sergeants
  4 scorpions
  A hornet simulacrum (D:14)
  18 killer bees
  A water moccasin skeleton (D:7)
  15 wights
  4 electric eels
  12 lava snakes
  8 centaur zombies
  3 draconian simulacra (IceCv)
  4 bullfrog zombies
  A quasit (D:8)
  6 hounds
  19 orc priests
  A yaktaur simulacrum (Vaults:1)
  Crazy Yiuf (D:4)
  2 bullfrog skeletons
  3 jellies
  3 centaur skeletons
  Ijyb (D:4)
  Natasha (twice) (D:2 D:1)
  5 iguanas
  31 orc wizards
  13 worker ants
  Terence (D:2)
  2 troll simulacra (IceCv)
  A spriggan simulacrum (IceCv)
  3 killer bee zombies
  2 centaur simulacra (IceCv)
  A hound zombie (D:9)
  3 hound skeletons
  A worker ant zombie (D:9)
  7 gnolls
  9 adders
  2 howler monkey skeletons
  An ogre simulacrum (IceCv)
  A naga simulacrum (IceCv)
  A hound simulacrum (D:8)
  A shadow imp (D:9)
  8 white imps
  A worker ant simulacrum (D:8)
  An ufetubus (D:9)
  3 adder zombies
  4 worms
  5 leopard geckos
  106 orcs
  7 bats
  9 giant cockroaches
  6 goblins
  8 hobgoblins
  6 jackals
  15 kobolds
  4 quokkas
  2 ball pythons (D:2)
  6 frilled lizards
  A leopard gecko simulacrum (D:8)
  A leopard gecko skeleton (D:6)
  5 rats
  3 bushes (D:8)
  A fire vortex (D:13)
  A tentacle (Shoals:3)
1293 creatures vanquished.

Vanquished Creatures (collateral kills)
  54 foxfires
54 creatures vanquished.

Vanquished Creatures (others)
  A fire giant (Vaults:2)
  A manticore (Shoals:3)
  2 bloated husks (Swamp:2)
  A human (Lair:5)
  An orc wizard (D:10)
  A bush (Lair:5)
  3141 foxfires
  36 fungi
  280 plants
  19 tentacles (Shoals:3)
3483 creatures vanquished.

Grand Total: 4830 creatures vanquished

Notes
Turn   | Place    | Note
-------+----------+-------------------------------------------
     0 | D:1      | ringo67 the Ogre Fire Elementalist began the quest for the
                  | Orb.
     0 | D:1      | Reached XP level 1. HP: 16/16 MP: 3/3
    55 | D:1      | Reached skill level 1 in Conjurations
   249 | D:1      | Reached XP level 2. HP: 24/24 MP: 2/5
  1476 | D:1      | Reached XP level 3. HP: 31/31 MP: 5/7
  1605 | D:2      | Noticed Natasha
  1611 | D:2      | Killed Natasha
  1840 | D:2      | Reached XP level 4. HP: 39/39 MP: 2/8
  2083 | D:2      | Noticed Natasha
  2096 | D:1      | Killed Natasha
  2407 | D:2      | Noticed Terence
  2446 | D:2      | Killed Terence
  2446 | D:2      | Reached XP level 5. HP: 44/45 MP: 0/10
  2573 | D:2      | Noticed an ogre
  2579 | D:2      | Killed an ogre
  3306 | D:3      | Reached XP level 6. HP: 53/53 MP: 4/12
  3496 | D:3      | Learned a level 4 spell: Sticky Flame
  3624 | D:3      | Found a hide-covered altar of Uskayaw.
  4489 | D:4      | Reached XP level 7. HP: 59/59 MP: 8/14
  4639 | D:4      | Found a sparkling altar of Nemelex Xobeh.
  4669 | D:4      | Noticed Ijyb
  4675 | D:4      | Reached skill level 5 in Spellcasting
  4720 | D:5      | Entered Level 5 of the Dungeon
  5140 | D:4      | Killed Ijyb
  5462 | D:4      | Reached skill level 5 in Fire Magic
  5611 | D:4      | Noticed Dowan
  5625 | D:4      | Noticed Duvessa
  5836 | D:4      | Killed Duvessa
  5842 | D:4      | Killed Dowan
  5844 | D:4      | Reached XP level 8. HP: 13/67 MP: 1/16
  6324 | D:4      | Noticed Edmund
  6341 | D:4      | Killed Edmund
  6555 | D:4      | Found a runed translucent door.
  6556 | D:4      | Noticed Crazy Yiuf
  6833 | D:4      | Killed Crazy Yiuf
  7091 | D:5      | Found an opulent altar of Gozag.
  7522 | D:5      | Reached skill level 5 in Conjurations
  7832 | D:5      | Noticed a two-headed ogre
  7845 | D:5      | Killed a two-headed ogre
  7845 | D:5      | Reached XP level 9. HP: 74/74 MP: 11/20
  8383 | D:6      | Reached skill level 1 in Fighting
  8865 | D:7      | Noticed Menkaure
  8874 | D:7      | Reached skill level 1 in Shields
  8914 | D:7      | HP: 3/79 [poisoned by a killer bee]
  9265 | D:7      | Learned a level 5 spell: Fireball
  9268 | D:7      | Learned a level 2 spell: Blink
  9288 | D:7      | Found a runed translucent door.
  9288 | D:7      | Found a glowing silver altar of Zin.
  9288 | D:7      | Noticed an angel
  9325 | D:7      | Reached skill level 2 in Fighting
  9990 | D:7      | Killed Menkaure
  9990 | D:7      | Reached skill level 3 in Fighting
 10356 | D:7      | Found a shadowy altar of Dithmenos.
 10728 | D:7      | Found a staircase to the Ecumenical Temple.
 10737 | Temple   | Entered the Ecumenical Temple
 10758 | Temple   | Became a worshipper of Vehumet
 10917 | D:7      | Reached skill level 4 in Fighting
 11415 | D:8      | Noticed Psyche
 11441 | D:7      | Killed Psyche
 11441 | D:7      | Reached XP level 10. HP: 46/94 MP: 6/22
 11681 | D:8      | Identified the cursed ring "Utoaf" {Str-4 SInv}
 11698 | D:8      | Reached skill level 5 in Fighting
 12228 | D:8      | Reached * piety under Vehumet
 12228 | D:8      | Offered knowledge of Shock by Vehumet.
 12625 | D:8      | Reached skill level 6 in Fighting
 13185 | D:8      | Found a blossoming altar of Fedhas.
 13220 | D:8      | Found a runed translucent gate.
 13221 | D:8      | Found a runed translucent gate.
 13222 | D:8      | Found a runed translucent gate.
 13223 | D:8      | Found an opulent altar of Gozag.
 13224 | D:8      | Noticed dickylongcocking's ghost (novice OpDe)
 13224 | D:8      | Noticed a cyclops
 13492 | D:8      | Found a glowing golden altar of the Shining One.
 14127 | D:8      | Offered knowledge of Sandblast by Vehumet.
 14130 | D:8      | Reached ** piety under Vehumet
 14578 | D:8      | Reached skill level 7 in Fighting
 15500 | D:9      | Reached skill level 5 in Shields
 15505 | D:9      | Reached XP level 11. HP: 87/108 MP: 20/23
 15524 | D:9      | Noticed a two-headed ogre
 15766 | D:9      | Noticed Gastronok
 15777 | D:9      | Found a snail-covered altar of Cheibriados.
 15920 | D:9      | Offered knowledge of Frozen Ramparts by Vehumet.
 15938 | D:8      | Learned a level 3 spell: Frozen Ramparts
 16493 | D:8      | Killed Gastronok
 16493 | D:8      | Reached skill level 8 in Fighting
 16493 | D:8      | Reached skill level 1 in Ice Magic
 16993 | D:9      | Killed a two-headed ogre
 17121 | D:9      | Found a staircase to the Orcish Mines.
 17156 | D:9      | Reached *** piety under Vehumet
 17462 | D:10     | Entered Level 10 of the Dungeon
 17882 | D:10     | Reached skill level 9 in Fighting
 18368 | D:10     | Got a scorched quarterstaff
 18550 | D:10     | Noticed an unseen horror
 18556 | D:10     | Killed an unseen horror
 19092 | D:10     | Noticed Sonja
 19122 | D:10     | Killed Sonja
 19403 | D:10     | Noticed Erolcha
 19418 | D:10     | Killed Erolcha
 19418 | D:10     | Reached skill level 10 in Fighting
 19418 | D:10     | Reached XP level 12. HP: 88/125 MP: 12/24
 19790 | D:11     | Offered knowledge of Ignite Poison by Vehumet.
 19832 | D:11     | Learned a level 3 spell: Mephitic Cloud
 20008 | D:11     | Found a staircase to the Lair.
 20137 | Lair:1   | Entered Level 1 of the Lair of Beasts
 20209 | Lair:1   | Found a dark tunnel.
 20287 | Volcano  | Entered a volcano
 20470 | Volcano  | Reached skill level 5 in Ice Magic
 20553 | Volcano  | Learned a level 1 spell: Magic Dart
 20769 | Volcano  | Reached **** piety under Vehumet
 21013 | Volcano  | Found a bloodstained altar of Trog.
 21013 | Volcano  | Noticed a centaur warrior
 21020 | Volcano  | Killed a centaur warrior
 21021 | Volcano  | Noticed a red draconian
 21046 | Volcano  | Killed a red draconian
 21046 | Volcano  | Reached skill level 11 in Fighting
 22024 | Lair:1   | Noticed a five-headed hydra
 22039 | Lair:1   | Killed a five-headed hydra
 22622 | Lair:1   | Noticed a six-headed hydra
 22630 | Lair:1   | Killed a six-headed hydra
 22848 | Lair:2   | Noticed a death yak
 22849 | Lair:2   | Noticed a death yak
 22968 | Lair:2   | Killed a death yak
 22968 | Lair:2   | Reached skill level 12 in Fighting
 22968 | Lair:2   | Reached XP level 13. HP: 140/140 MP: 17/26
 22985 | Lair:2   | Identified the +4 quarterstaff "Veenwavo" {drain, rC- Dex+4
                  | Stlth+} (You found it on level 10 of the Dungeon)
 23025 | Lair:2   | Offered knowledge of Airstrike by Vehumet.
 23199 | Lair:2   | Learned a level 4 spell: Airstrike
 23238 | Lair:2   | Reached skill level 5 in Dodging
 24170 | Lair:3   | Reached skill level 13 in Fighting
 24481 | Lair:3   | Reached skill level 1 in Air Magic
 25301 | Lair:3   | Reached ***** piety under Vehumet
 25468 | Lair:3   | Found a staircase to the Shoals.
 25504 | Lair:3   | Found a basalt altar of Yredelemnul.
 25700 | Lair:3   | Offered knowledge of Lightning Bolt by Vehumet.
 26348 | Lair:4   | Noticed Josephine
 26593 | Lair:4   | Noticed Urug
 26609 | Lair:4   | Killed Urug
 26934 | Lair:4   | Killed Josephine
 26934 | Lair:4   | Reached skill level 14 in Fighting
 27044 | Lair:4   | Found a runed translucent gate.
 27044 | Lair:4   | Found a runed translucent gate.
 27054 | Lair:4   | Found a runed translucent gate.
 27165 | Lair:4   | Reached XP level 14. HP: 146/156 MP: 19/27
 27443 | Lair:4   | Found a staircase to the Swamp.
 27596 | Lair:4   | Noticed Ceyroiss's ghost (journeyman HuWn)
 27996 | Lair:4   | Killed Ceyroiss's ghost
 28833 | Lair:5   | Reached skill level 5 in Air Magic
 29571 | Lair:5   | Reached skill level 15 in Fighting
 29705 | Lair:5   | Offered knowledge of Conjure Ball Lightning by Vehumet.
 29872 | Lair:5   | Reached skill level 10 in Conjurations
 30107 | Lair:5   | Found a staircase to the Slime Pits.
 30108 | Lair:5   | Found a viscous altar of Jiyva.
 30344 | Lair:6   | Entered Level 6 of the Lair of Beasts
 30436 | Lair:6   | Reached skill level 1 in Translocations
 31462 | Lair:6   | Reached XP level 15. HP: 163/167 MP: 26/28
 31563 | Lair:6   | Reached skill level 10 in Fire Magic
 32587 | Lair:6   | Reached skill level 16 in Fighting
 33082 | Lair:6   | Found a burning altar of Makhleb.
 33635 | Lair:6   | Found a gateway to Hell.
 33918 | D:9      | Learned a level 6 spell: Statue Form
 33919 | Orc:1    | Entered Level 1 of the Orcish Mines
 34333 | Orc:1    | Offered knowledge of Starburst by Vehumet.
 34729 | Orc:2    | Entered Level 2 of the Orcish Mines
 34756 | Orc:2    | Found a staircase to the Elven Halls.
 35213 | Orc:2    | Reached skill level 1 in Transmutations
 35259 | Orc:2    | Noticed an orc warlord
 35264 | Orc:2    | Reached skill level 1 in Earth Magic
 35300 | Orc:1    | Killed an orc warlord
 35739 | Orc:2    | Found Jogh's Antique Armour Emporium.
 35740 | Orc:2    | Found a roughly hewn altar of Beogh.
 35743 | Orc:2    | Found Helef's Antique Weapon Shoppe.
 35893 | Orc:2    | Found a roughly hewn altar of Beogh.
 35914 | Orc:2    | Found Hovvaz's General Store.
 36231 | Orc:2    | Noticed an orc warlord
 36620 | Orc:2    | Found a roughly hewn altar of Beogh.
 36649 | Orc:2    | Found a roughly hewn altar of Beogh.
 36675 | Orc:2    | Found a roughly hewn altar of Beogh.
 36676 | Orc:2    | Found Diedduv's Book Emporium.
 36828 | Orc:1    | Killed an orc warlord
 37522 | Orc:2    | Reached skill level 10 in Dodging
 37819 | Orc:2    | Found Ylucwoar's Magic Scroll Shop.
 37852 | Orc:2    | Found Isimixeb's Book Shoppe.
 37863 | Orc:2    | Bought Geel's Handbook of Fire for 833 gold pieces
 37928 | Orc:2    | Found a roughly hewn altar of Beogh.
 37936 | Orc:2    | Offered knowledge of Spellforged Servitor by Vehumet.
 38293 | Orc:2    | Bought the +4 skin of Zhor {Englaciate rC+++ SInv} for 1729
                  | gold pieces
 38293 | Orc:2    | Found the +4 skin of Zhor {Englaciate rC+++ SInv}
 39742 | D:12     | Found a frozen archway.
 39765 | IceCv    | Entered an ice cave
 39842 | IceCv    | Reached skill level 10 in Spellcasting
 41479 | D:12     | Reached XP level 16. HP: 182/182 MP: 30/30
 41991 | D:12     | Identified the +0 trident of the Apocalypse {flame,
                  | *Corrode Str+3 Dex+4}
 42374 | D:12     | Offered knowledge of Ozocubu's Refrigeration by Vehumet.
 42506 | D:12     | Reached skill level 17 in Fighting
 43678 | D:13     | Found Davajuc's Magic Scroll Shoppe.
 43996 | D:13     | Got a faintly glowing bone ring
 44077 | D:13     | Identified the ring "Oreh" {Fire Dex+3 Stlth+} (You found
                  | it on level 13 of the Dungeon)
 44443 | D:14     | Found the +6 shillelagh "Devastator" {shatter}
 44878 | D:14     | Identified the +1 crystal plate armour of Plasticity {rPois
                  | Int+2} (You found it on level 14 of the Dungeon)
 45044 | D:14     | Found a portal to a secret trove of treasure.
 45536 | D:14     | Found a runed translucent gate.
 45537 | D:14     | Found a runed translucent gate.
 45539 | D:14     | Found a runed translucent gate.
 45556 | D:14     | Identified the ring "Gumuhas" {*Tele *Slow rC+ Str+6}
 45559 | D:14     | Noticed Jeirobb's ghost (journeyman FoAK)
 45582 | D:14     | Found a gate to the Vaults.
 45592 | D:14     | Reached skill level 5 in Earth Magic
 46311 | D:14     | Killed Jeirobb's ghost
 46412 | D:15     | Entered Level 15 of the Dungeon
 46854 | D:15     | Found a staircase to the Depths.
 47957 | D:15     | Noticed Agnes
 47970 | D:15     | Killed Agnes
 48238 | D:15     | Learned a level 8 spell: Ignition
 48826 | Swamp:1  | Entered Level 1 of the Swamp
 49088 | Swamp:1  | Reached skill level 18 in Fighting
 49088 | Swamp:1  | Reached XP level 17. HP: 193/193 MP: 23/34
 49442 | Swamp:1  | Found a radiant altar of Vehumet.
 50552 | Swamp:2  | Reached skill level 5 in Transmutations
 53849 | Swamp:4  | Entered Level 4 of the Swamp
 53861 | Swamp:4  | Offered knowledge of Iskenderun's Battlesphere by Vehumet.
 54475 | Swamp:4  | Noticed Mara
 54713 | Swamp:4  | Noticed ringo67's illusion
 55505 | Swamp:4  | Noticed ringo67's illusion
 55816 | Swamp:4  | Found a runed translucent gate.
 55816 | Swamp:4  | Found a runed translucent gate.
 55816 | Swamp:4  | Found a runed translucent gate.
 55817 | Swamp:4  | Noticed frankcastle's ghost (adept GnWn)
 55817 | Swamp:4  | Noticed Pooter's ghost (adept MiBe)
 55950 | Swamp:4  | Paralysed by a fenstrider witch for 3 turns
 57211 | Swamp:4  | Noticed the 27-headed Lernaean hydra
 58550 | Swamp:3  | Killed the 27-headed Lernaean hydra
 58550 | Swamp:3  | Reached skill level 19 in Fighting
 59173 | Orc:2    | Bought a book of the Earth for 650 gold pieces
 59180 | Orc:2    | Learned a level 6 spell: Iron Shot
 59596 | Swamp:4  | Reached XP level 18. HP: 208/208 MP: 33/36
 59657 | Swamp:4  | Got a decaying rune of Zot
 59826 | Swamp:4  | Noticed ringo67's illusion
 59987 | Swamp:4  | Noticed ringo67's illusion
 60399 | Shoals:1 | Entered Level 1 of the Shoals
 60636 | Shoals:1 | Found Wipraum's Weapon Boutique.
 61235 | Shoals:1 | Noticed Jorgrun
 61250 | Shoals:1 | Killed Jorgrun
 61969 | Shoals:2 | Found Garint's Distillery.
 62519 | Shoals:2 | Offered knowledge of Orb of Destruction by Vehumet.
 64400 | Shoals:4 | Entered Level 4 of the Shoals
 65185 | Shoals:4 | Found Syok's Book Emporium.
 65627 | Shoals:4 | Reached skill level 10 in Earth Magic
 66085 | Shoals:4 | Reached XP level 19. HP: 170/218 MP: 27/37
 66117 | Shoals:4 | Reached ****** piety under Vehumet
 66217 | Shoals:4 | Found Waiskimub's Jewellery Shop.
 66904 | Shoals:4 | Found Nyadaug's Jewellery Boutique.
 67042 | Shoals:4 | Got a barnacled rune of Zot
 67348 | Vaults:1 | Entered Level 1 of the Vaults
 67355 | Vaults:1 | Offered knowledge of Lehudib's Crystal Spear by Vehumet.
 67355 | Vaults:1 | Offered knowledge of Chain Lightning by Vehumet.
 67355 | Vaults:1 | Offered knowledge of Absolute Zero by Vehumet.
 67360 | Vaults:1 | Reached skill level 20 in Fighting
 68558 | Vaults:1 | Reached skill level 15 in Spellcasting
 71917 | Vaults:2 | Reached XP level 20. HP: 230/231 MP: 30/39
 73231 | Vaults:2 | Found Uxka's Assorted Antiques.
 73616 | Vaults:2 | Noticed Jory
 74973 | Vaults:2 | Killed from afar by Jory

Illustrated notes

Levels and vault maps discovered:
D:1:      minmay_arrival_loop, layout_loops_ring
D:2:      layout_rooms, uniq_natasha, uniq_terence
D:3:      layout_basic, overflow_temple_1_default
D:4:      layout_rooms, kennysheep_mini_moat, serial_forest,
          infiniplex_forest_clump_C, infiniplex_forest_clump_medium,
          infiniplex_forest_clump_medium, infiniplex_forest_end_2,
          infiniplex_forest_straight_3, infiniplex_forest_straight_1,
          infiniplex_forest_clump_small, uniq_ijyb, uniq_duvessa,
          uniq_crazy_yiuf_cottage, uniq_edmund
D:5:      layout_basic, nicolae_gozag_seed_capital,
          chequers_serial_rivers_micro_a, minmay_misc_feat_encased, hex_medium
D:6:      layout_rooms, chequers_decorated_corner, nicolae_underground_beach
D:7:      layout_gridville, nicolae_overflow_crystal_walls,
          minmay_temple_entry_statues, minmay_misc_feat_tiny,
          lemuel_angel_altar, uniq_menkaure
D:8:      layout_rooms, fedhas_altar_decomposition, serial_ice, serial_ice_m,
          serial_ice_i, serial_ice_o, serial_ice_f, ebering_ghost_gozag,
          tso_altar, uniq_psyche
D:9:      layout_cave_pools, slow_altar_1, grunt_decor_junction, uniq_gastronok
D:10:     layout_loops_ring, uniq_erolcha, uniq_sonja
D:11:     layout_stronghold, lair_entry_dummy, st_stairs_13, kennysheep_doodads,
          chequers_serial_rivers_large_b
D:12:     layout_roguey, serial_co_window_serial, co_window_corner_a,
          co_window_of_opportunity_a, co_window_corner_a, co_window_corner_a,
          co_window_paths_b, co_window_2corner, co_window_corner_b,
          co_window_of_opportunity_b, co_window_of_opportunity_b,
          co_window_corner_b, co_window_4corner_b, glass_columns_a,
          glass_columns_b, portal_ice_cave_demonic_guard, minmay_between
D:13:     layout_basic, serial_shops, shop_statue, hangedman_fish_farm
D:14:     minmay_roctagon, layout_gridville, lightli_vaults_fourway_checkpoint,
          nicolae_trove_entry_crossroad, maelrawn_ghost_gauntlet_escape
D:15:     grunt_enter_depths_giant_problem, layout_irregular_city, uniq_agnes
Temple:   eino_temple_rhombus
Lair:1:   layout_small_grid, nicolae_volcano_entry_batcave,
          grunt_forest_large_clearing_hut
Lair:2:   layout_chaotic_city, beast_lair_carwin_10, grunt_megastairs_2,
          serial_bayou_shore_a
Lair:3:   layout_cave_shapes, minmay_shoals_entry_beasts, basic_altar,
          minmay_lair_oklob_chamber
Lair:4:   layout_small_grid, swamp_mist, gammafunk_ghost_hydra_chop,
          serial_bayou_shore_b, uniq_josephine, uniq_urug
Lair:5:   slaughterhouse, layout_regular_city, slime_altar_1
Lair:6:   evil_forest, layout_cave_shapes, minmay_shattered_shrine
Swamp:1:  layout_basic_swamp, nicolae_swamp_godswood, infiniplex_staircase_pool
Swamp:2:  layout_basic_swamp, serial_swamp_ruin, evilmike_swamp_ruin_house_3,
          evilmike_swamp_ruin_house_6, evilmike_swamp_ruin_house_1
Swamp:3:  layout_falls_marsh, nicolae_swamp_feature_on_the_river_bank
Swamp:4:  swamp_basic_johnstein, layout_basic_swamp, gammafunk_ghost_cemetery,
          swamp_pool1, nicolae_swamp_necromancer_hut, uniq_mara
Shoals:1: layout_shoals, serial_shops, shop_fountains, uniq_jorgrun
Shoals:2: layout_shoals, serial_shops, shop
Shoals:3: layout_shoals, nicolae_shoals_circle_sea_wall,
          nicolae_shoals_water_elemental_grotto
Shoals:4: shoals_end_grunt_garden, layout_shoals, serial_shops,
          nicolae_shop_trees, shop, minmay_shop_enchanted_jewellery,
          abandoned_shop
Orc:1:    layout_diamond_mine, serial_shops, mines2_lemuel
Orc:2:    grunt_orc_community_town_hall, layout_caves,
          grunt_orc_community_big_house_1, grunt_orc_community_big_house_2,
          grunt_orc_community_house_3, grunt_orc_community_house_1,
          grunt_orc_community_house_2, grunt_orc_community_house_1,
          grunt_orc_community_house_3, guppyfry_orc_lava_fort
Vaults:1: vaults_room_semicircle, nicolae_vaults_network_star,
          nicolae_vaults_network_barrier, vaults_mumra_minichess,
          hangedman_vaults_cutoff, nicolae_vaults_big_ls, vaults_dpeg_cross,
          v_misc_5, layout_vaults_omnigrid
Vaults:2: st_more_cells, vaults_mumra_minichess_inversion, hangedman_vaults_hat,
          ontoclasm_vaults_misaligned, v_misc_3, v_rooms_5, v_misc_3,
          vaults_dpeg_hooks, v_pattern_2, vaults_room_stairs_pillars,
          ontoclasm_vaults_misaligned, ontoclasm_vaults_twist,
          vaults_room_pools, nicolae_vaults_little_squares_4,
          vaults_dpeg_spiral, layout_vaults_maze, serial_shops, shop, uniq_jory

Skill      XL: |  1  2  3  4  5  6  7  8  9 10 11 12 13 14 15 16 17 18 19 20 |
---------------+-------------------------------------------------------------+-----
Conjurations   | 1 2 3 4 6 7 8 9 10 | 10.5
Fire Magic     | 3 4 5 6 7 8 9 10 11 12 13 | 13.1
Spellcasting   | 3 4 5 7 8 9 10 13 14 15 | 15.7
Fighting       | 4 7 10 12 14 15 16 18 19 20 | 20.8
Shields        | 3 5 7 8 9 |  9.0
Ice Magic      | 4 5 |  5.0
Dodging        | 3 6 8 10 11 12 | 12.7
Air Magic      | 3 6 |  6.0
Translocations | 2 |  2.0
Transmutations | 3 4 6 |  6.0
Earth Magic    | 3 7 10 12 | 12.2
Stealth        | |  1.4

Action                   |  1- 3 |  4- 6 |  7- 9 | 10-12 | 13-15 | 16-18 | 19-21 || total
-------------------------+-------+-------+-------+-------+-------+-------+-------++-------
Melee: Unarmed           |    43 |       |       |       |       |       |       ||    43
       Whip              |     3 |     4 |       |       |       |       |       ||     7
       Trident           |       |     2 |    73 |    10 |       |       |       ||    85
       War axe           |       |       |       |    84 |       |       |       ||    84
       Morningstar       |       |       |       |    51 |   268 |   159 |   185 ||   663
       Dagger            |       |       |       |       |   313 |   278 |       ||   591
Throw: Dart              |       |       |     2 |       |     5 |     7 |       ||    14
 Cast: Foxfire           |    43 |   104 |   226 |   389 |   363 |   604 |   110 ||  1839
       Sticky Flame      |       |       |    17 |    70 |   153 |   129 |    65 ||   434
       Fireball          |       |       |     2 |    13 |    34 |   149 |    20 ||   218
       Frozen Ramparts   |       |       |       |    26 |   140 |    89 |    61 ||   316
       Magic Dart        |       |       |       |    44 |       |     1 |       ||    45
       Mephitic Cloud    |       |       |       |     3 |     1 |     3 |     3 ||    10
       Airstrike         |       |       |       |       |    41 |   126 |    26 ||   193
       Blink             |       |       |       |       |     1 |     2 |     2 ||     5
       Ignition          |       |       |       |       |       |     5 |    11 ||    16
       Iron Shot         |       |       |       |       |       |     9 |    59 ||    68
       Statue Form       |       |       |       |       |       |     1 |     1 ||     2
Evoke: Wand              |       |       |       |     1 |       |     1 |     1 ||     3
       Condenser vane    |       |       |       |       |       |       |     1 ||     1
  Use: Scroll            |       |       |     8 |     3 |    20 |    17 |     5 ||    53
       Potion            |       |       |       |     4 |       |     2 |     2 ||     8
 Stab: Sleeping          |       |       |     1 |       |     1 |     1 |       ||     3
Armor: Robe              |    28 |     5 |    51 |    24 |     9 |       |       ||   117
       Steam dragon scal |       |       |       |   116 |    97 |       |       ||   213
       Animal skin       |       |       |       |       |    20 |   144 |    20 ||   184
       Skin              |       |       |       |       |       |     6 |    30 ||    36
Dodge: Dodged            |    38 |    26 |   117 |   164 |   300 |   356 |   213 ||  1214
Block: Kite shield       |       |       |       |    72 |   602 |   560 |   249 ||  1483
       Reflection        |       |       |       |       |    17 |    64 |    24 ||   105

Table legend: (Time is in decaauts)
 A = Elapsed time spent in this place.
 B = Non-inter-level travel time spent in this place.
 C = Inter-level travel time spent in this place.
 D = Time resting spent in this place.
 E = Time spent auto-exploring this place.
 F = Levels seen in this place.
 G = Mean time per level.
                   A        B        C        D        E       F      G
               +--------+--------+--------+--------+--------+-----+--------+
         Total |  76184 |  73389 |   2795 |  37528 |  20290 |  36 | 2116.2 |
       Dungeon |  30068 |  28756 |   1312 |  13609 |  10245 |  15 | 2004.5 |
        Temple |     37 |     22 |     15 |      0 |     13 |   1 |   37.0 |
          Lair |  12630 |  11966 |    664 |   4956 |   4329 |   6 | 2105.0 |
         Swamp |  11273 |  10943 |    330 |   7602 |   1296 |   4 | 2818.2 |
        Shoals |   7160 |   7023 |    137 |   3345 |   1634 |   4 | 1790.0 |
  Orcish Mines |   4615 |   4316 |    299 |   1795 |   1363 |   2 | 2307.5 |
        Vaults |   7538 |   7501 |     37 |   4252 |   1409 |   2 | 3769.0 |
      Ice Cave |   1311 |   1311 |      0 |    933 |      0 |   1 | 1311.0 |
       Volcano |   1547 |   1547 |      0 |   1035 |      0 |   1 | 1547.0 |
               +--------+--------+--------+--------+--------+-----+--------+

Top non-repeatable levels by time:
 Swamp:3: 5730 daAuts
     D:8: 4330 daAuts
Vaults:1: 3855 daAuts
Vaults:2: 3683 daAuts
  Lair:6: 3149 daAuts
     D:7: 3027 daAuts
   Orc:2: 2572 daAuts
    D:10: 2528 daAuts
Shoals:3: 2474 daAuts
    D:15: 2307 daAuts
  Lair:4: 2214 daAuts
  Lair:5: 2155 daAuts
     D:1: 2051 daAuts
   Orc:1: 2043 daAuts
  Lair:3: 2026 daAuts
